AoeStats
← brian_carp11

Arabia

503504244Analyzed
1v1 RM · 1mo ago on Sep 1, 2026· 68m 48s· 2 players
Game mode
Random Map
Map size
Tiny (2 player)
Population
200
Speed
Normal
Resources
Standard
Victory
Conquest
Starting age
Dark Age
Ending age
Imperial Age
RankedLock teamsTeams togetherTeam positionsShared explorationLock speedFull tech treeHidden civsTurbo modeCheats
Victory
Defeat
🇦🇷 Gurjaras · Argentina
379
+22
🇺🇸 Inca · United States
510
-34
brian_carp11
4:23 Loom
7:50 Loom
11:39 Feudal Age
12:26 Double-Bit Axe
15:29 Gold Mining
15:22 Horse Collar
20:31 Man-at-Arms
28:02 Castle Age
30:10 Gold Shaft Mining
32:09 Fletching
31:54 Crossbowman
32:37 Heavy Plow
32:32 Stone Mining
33:07 Thumb Ring
36:32 Wheelbarrow
36:50 Wheelbarrow
39:59 Fervor
41:08 Stone Shaft Mining
45:47 Hand Cart
50:25 Imperial Age
48:04 Kshatriyas
48:27 Redemption
48:31 Bodkin Arrow
49:02 Ballistics
50:50 Devotion
51:36 Crop Rotation
52:09 Chemistry
50:51 Treadmill Crane
52:46 Bracer
52:47 Town Watch
53:04 Murder Holes
52:37 Elite Chakram Thrower
53:34 Town Patrol
53:59 Masonry
53:14 Elite Elephant Archer
53:16 Elite Skirmisher
53:19 Elite Shrivamsha Rider
55:30 Heavy Camel Rider
56:23 Bloodlines
56:16 Husbandry
56:35 Scale Barding Armor
56:47 Forging
56:38 Padded Archer Armor
57:28 Architecture
59:14 Bow Saw
Varathron
11:20 Feudal Age
11:24 Champi Runner
18:24 Castle Age
17:51 Scale Mail Armor
20:47 Forging
20:02 Pikeman
24:56 Chain Mail Armor
24:32 Arson
24:38 Double-Bit Axe
27:33 Champi Warrior
32:45 Iron Casting
40:58 Bow Saw
41:00 Horse Collar
41:03 Elite Skirmisher
42:09 Thumb Ring
42:23 Fletching
42:34 Padded Archer Armor
46:11 Bodkin Arrow
46:32 Leather Archer Armor
48:58 Imperial Age
48:20 Wheelbarrow
47:32 Town Watch
49:19 Elite Champi Warrior
49:54 Horse Collar
52:31 Blast Furnace
53:13 Stone Mining
54:57 Halberdier
57:33 Plate Mail Armor
57:38 Ring Archer Armor
58:16 Hand Cart
58:02 Town Patrol
57:47 Capped Ram
60:54 Conscription
60:35 Fabric Shields
61:38 Heavy Plow
64:17 Siege Ram
67:17 Ballistics
Connection lost

Rejoining the realm…

Still unreachable

The connection could not be restored.

Session expired

The server has moved on; the page needs a fresh start.